 Dungeon Crawl Stone Soup version 0.30-a0-1066-g63dfefce0d (webtiles) character file.

Game seed: 18099068789522991960

3787 BubbleThief the Basher (level 10, -1/94 HPs)
             Began as a Naga Cinder Acolyte on Apr 12, 2023.
             Was a High Priest of Ignis.
             Shot with an arrow by a centaur (4 damage)
             ... on level 10 of the Dungeon.
             The game lasted 00:14:18 (11118 turns).

BubbleThief the Basher (Naga Cinder Acolyte)       Turns: 11118, Time: 00:14:19

Health: -1/94      AC: 17    Str: 21    XL:     10   Next: 16%
Magic:  6/19       EV: 24    Int: 21    God:    Ignis [*****.]
Gold:   353        SH:  0    Dex:  6    Spells: 19/21 levels left

rFire   + + .      SeeInvis +    s - staff of fire
rCold   . . .      Faith    .    (no shield)
rNeg    . . .      Spirit   .    I - +3 leather armour
rPois   +          Reflect  .    a - +2 hat
rElec   .          Rampage  .    y - +0 cloak
rCorr   +                        (no gloves)
Will    +....                    (no barding)
Stlth   +                        f - amulet of the acrobat
HPRegen 0.35/turn                v - +6 ring of intelligence
MPRegen 0.16/turn                x - ring of resist corrosion

@: acrobatic, fiery-armoured, very slow
A: AC +3, large, see invisible, deformed body, poison resistance, slowness 2,
spit poison 1, naga tail 1
a: Spit Poison, Renounce Religion, Fiery Armour, Foxfire Swarm, Rising Flame


You were on level 10 of the Dungeon.
You worshipped Ignis.
Ignis was extremely pleased with you.
You visited 1 branch of the dungeon, and saw 10 of its levels.

You collected 690 gold pieces.
You spent 337 gold pieces at shops.

Inventory:

Hand Weapons
 G - a +3 heavy flail
Armour
 a - a +2 hat (worn)
 y - a +0 cloak (worn)
 F - a +0 helmet
 I - a +3 leather armour (worn)
Magical Staves
 s - a staff of fire (weapon)
Jewellery
 f - an amulet of the acrobat (around neck)
 v - a +6 ring of intelligence (left hand)
 x - a ring of resist corrosion (right hand)
Wands
 w - a wand of polymorph (21)
 z - a wand of flame (51)
Scrolls
 c - 2 scrolls of poison
 d - 4 scrolls of fear {unknown}
 g - 2 scrolls of vulnerability {unknown}
 h - 2 scrolls of noise {unknown}
 i - 5 scrolls of identify {unknown}
 j - 5 scrolls of teleportation {unknown}
 n - a scroll of brand weapon {unknown}
 o - a scroll of blinking {unknown}
 r - a scroll of immolation {unknown}
 u - 4 scrolls of enchant armour {unknown}
 A - 2 scrolls of butterflies {unknown}
 B - a scroll of magic mapping {unknown}
 C - a scroll of acquirement {unknown}
Potions
 e - 3 potions of cancellation {unknown}
 k - a potion of mutation {unknown}
 l - 2 potions of haste {unknown}
 m - 5 potions of brilliance {unknown}
 p - a potion of degeneration {unknown}
 q - 3 potions of lignification {unknown}
 t - 4 potions of curing {unknown}
 D - 2 potions of heal wounds {unknown}
 E - a potion of invisibility {unknown}


   Skills:
 + Level 7.5 Fighting
 + Level 8.5 Maces & Flails
 - Level 6.0 Spellcasting
 - Level 7.8 Fire Magic


You had 19 spell levels left.
You knew the following spells:

 Your Spells              Type           Power      Damage    Failure   Level
a - Scorch                Fire           100%       2d9       1%          2

Your spell library contained the following spells:

 Spells                   Type           Power      Damage    Failure   Level
 Freeze                   Ice            24%        1d4       11%         1
 Kiss of Death            Conj/Necr      24%        2d7       11%         1
 Magic Dart               Conj           24%        1d4       11%         1
 Shock                    Conj/Air       24%        1d4       11%         1
 Call Imp                 Summ           12%        N/A       17%         2
 Confusing Touch          Hex            6%         N/A       32%         3
 Frozen Ramparts          Ice            12%        1d2       32%         3
 Hailstorm                Conj/Ice       6%         3d4       32%         3
 Mephitic Cloud           Conj/Pois/Air  6%         N/A       32%         3
 Swiftness                Air            6%         N/A       32%         3
 Airstrike                Air            3%         2d(1-17)  73%         4
 Dispel Undead            Necr           6%         3d8       73%         4


Dungeon Overview and Level Annotations

Branches:
Dungeon (10/15)            Temple (0/1) D:6             Orc (0/2) D:9
   Lair: D:8-11

Altars:
Cheibriados
Elyvilon
Fedhas
Nemelex Xobeh
Okawaru
Ru
Trog
Uskayaw
Vehumet
Zin

Shops:
D:3 (   D:9 :


Innate Abilities, Weirdness & Mutations

Your serpentine skin is tough. (AC +3)
You have supernaturally acute eyesight. (SInv)
Armour fits poorly on your strangely shaped body.
Your system is resistant to poisons. (rPois)
You cover ground very slowly.
You can spit poison.
You have a snake-like lower body.


Message History

Casting: Scorch (safe; 1% risk of failure)
Confirm with . or Enter, or press ? or * to list all spells.
You feel a surge of power!
Flames lash the gnoll sergeant.
The gnoll sergeant is burned terribly!
You kill the gnoll sergeant!
The centaur shoots an arrow.
The arrow hits you.
A yak comes into view.
The gnoll hits you with a +0 flail!
The gnoll is burned terribly!
The gnoll is burned by your cloak of flames.
You kill the gnoll!
The centaur shoots an arrow.
The arrow barely misses you.
Casting: Scorch (safe; 1% risk of failure)
Confirm with . or Enter, or press ? or * to list all spells.
You can't see any susceptible monsters within range! (Use Z to cast anyway.) Unknown command.
Unknown command.
You shred the net and break free!
The centaur shoots an arrow.
The arrow hits you.
The centaur shoots an arrow.
The arrow barely misses you.
A yak comes into view.
Unknown command.
The yak bellows!
The centaur shoots an arrow.
The arrow misses you.
The centaur shoots an arrow.
The arrow hits you.
A kobold demonologist comes into view. It is wielding a +0 dagger.
The kobold demonologist shouts!
The centaur shoots an arrow.
The arrow hits you!
The centaur shoots an arrow.
The arrow barely misses you.
The centaur shoots an arrow.
The arrow hits you!
The kobold demonologist mumbles some strange words.
The centaur shoots an arrow.
The arrow hits you!
* * * LOW HITPOINT WARNING * * *
Okay, then.
The centaur shoots an arrow.
The arrow completely misses you.
The centaur shoots an arrow.
The arrow hits you!
* * * LOW HITPOINT WARNING * * *
The centaur shoots an arrow.
The arrow hits you!
* * * LOW HITPOINT WARNING * * *
The centaur shoots an arrow.
The arrow hits you.
You die...

..# # #.# ###. ##<#
##...###..#
.........#########
..###.............
........##########
### ####.##.##
#####.... #.
#.@#####.....##.
###.###.#............
....>.....###.###..<.
###.####.##...###.# #
#............###
.K...#.c..........#
3..####...Y......#.#
.# ###.Y..#####
#....)...#


You could see a yak and a centaur.

Vanquished Creatures
  A hornet (D:9)
  A shadow (D:6)
  Sigmund (D:2)
  A steam dragon (D:8)
  An acid dragon (D:8)
  A water moccasin (D:8)
  2 orc warriors
  2 sky beasts
  A black bear (D:7)
  2 ogres
  4 centaurs
  A phantom (D:5)
  A kobold brigand (D:6)
  4 bullfrogs
  3 scorpions
  A gnoll sergeant (D:10)
  3 killer bees (D:9)
  7 howler monkeys (D:9)
  5 hounds
  4 orc priests
  A gnoll bouda (D:8)
  2 jellies
  Natasha (twice) (D:2)
  2 iguanas
  6 orc wizards
  7 adders
  9 gnolls
  2 shadow imps
  An ufetubus (D:6)
  4 worms
  3 dart slugs
  28 orcs
  5 bats
  13 endoplasms
  A giant cockroach (D:2)
  15 goblins
  9 hobgoblins
  5 jackals
  4 quokkas
  4 ball pythons
  3 frilled lizards
  10 kobolds
  8 rats
190 creatures vanquished.

Vanquished Creatures (others)
  A bullfrog (D:8)
1 creature vanquished.

Grand Total: 191 creatures vanquished

Notes
Turn   | Place    | Note
-------+----------+-------------------------------------------
     0 | D:1      | BubbleThief the Naga Cinder Acolyte began the quest for the
                  | Orb.
     0 | D:1      | Reached XP level 1. HP: 21/21 MP: 2/2
   195 | D:1      | Reached XP level 2. HP: 28/28 MP: 3/3
   595 | D:1      | Reached XP level 3. HP: 28/34 MP: 4/4
   745 | D:1      | Learned a level 2 spell: Scorch
   777 | D:2      | Reached skill level 4 in Maces & Flails
   820 | D:2      | Found a faded altar of an unknown god.
   882 | D:2      | Noticed Sigmund
   888 | D:2      | Killed Sigmund
   889 | D:2      | Reached skill level 5 in Maces & Flails
   889 | D:2      | Reached XP level 4. HP: 40/44 MP: 0/5
   889 | D:2      | Reached XP level 5. HP: 45/50 MP: 0/6
  1131 | D:2      | Found a blossoming altar of Fedhas.
  1580 | D:2      | Noticed Natasha
  1584 | D:2      | Killed Natasha
  1585 | D:2      | Reached XP level 6. HP: 39/58 MP: 4/7
  1857 | D:2      | Noticed Natasha
  1869 | D:2      | Killed Natasha
  2054 | D:3      | Found Toseetau's Antique Weapon Shop.
  2420 | D:3      | Reached skill level 6 in Maces & Flails
  3198 | D:3      | Bought a runed morningstar for 175 gold pieces
  3320 | D:4      | Found a sparkling altar of Nemelex Xobeh.
  4202 | D:4      | Reached XP level 7. HP: 52/66 MP: 1/9
  4620 | D:5      | Entered Level 5 of the Dungeon
  4764 | D:5      | Found a radiant altar of Vehumet.
  5493 | D:5      | Reached skill level 5 in Fire Magic
  5493 | D:5      | Reached XP level 8. HP: 73/73 MP: 8/13
  5776 | D:6      | Found a sacrificial altar of Ru.
  6253 | D:6      | Reached skill level 5 in Spellcasting
  6362 | D:6      | Identified the +4 spear "Meuw" {flame, rPois Int+3}
  6545 | D:6      | Found a hide-covered altar of Uskayaw.
  6559 | D:6      | Noticed a shadow
  6564 | D:6      | Killed a shadow
  6565 | D:6      | Reached skill level 5 in Fighting
  6720 | D:6      | Found a staircase to the Ecumenical Temple.
  6981 | D:3      | Bought a glowing flail for 162 gold pieces
  7157 | D:7      | Reached XP level 9. HP: 81/81 MP: 13/16
  7424 | D:7      | Reached skill level 7 in Maces & Flails
  9704 | D:9      | Found a glowing silver altar of Zin.
  9905 | D:9      | Found a staircase to the Orcish Mines.
  9918 | D:9      | Found a snail-covered altar of Cheibriados.
 10151 | D:9      | Reached skill level 8 in Maces & Flails
 10198 | D:9      | Noticed a hornet
 10202 | D:9      | Killed a hornet
 10203 | D:9      | Reached XP level 10. HP: 87/94 MP: 12/19
 10323 | D:9      | Found Xobydeyb's Vocational Training.
 10447 | D:9      | Found a bloodstained altar of Trog.
 10681 | D:9      | Found an iron altar of Okawaru.
 10682 | D:9      | Found a white marble altar of Elyvilon.
 11069 | D:10     | Entered Level 10 of the Dungeon
 11114 | D:10     | Noticed a kobold demonologist
 11116 | D:10     | Noticed a soul eater
 11117 | D:10     | HP: 3/94 [centaur/arrow (11)]
 11118 | D:10     | Shot with an arrow by a centaur

Illustrated notes

Levels and vault maps discovered:
D:1:      dpeg_arrival_rooms_a, layout_rooms, hex_large
D:2:      layout_loops_ring, basic_altar,
          hellmonk_ecumenical_altar_leap_of_faith, uniq_natasha, uniq_robin,
          uniq_sigmund
D:3:      layout_basic, serial_shops, shop
D:4:      layout_cave_pods, mainiacjoe_overflow_catwalk
D:5:      layout_basic, lemuel_crystal_altar
D:6:      layout_basic, general_overflow_altar,
          mainiacjoe_overflow_concentric_impassable, temple_statues,
          roderic_serpentine_path, dk_vineyard_3, minmay_microvault
D:7:      layout_loops_ring
D:8:      layout_layer_cave
D:9:      layout_layer_cave, zin_treasury, kennysheep_slug_shrine,
          overflow_temple_1_default, nicolae_overflow_squiral,
          grunt_ministairs_14, nicolae_shop_vocational
D:10:     layout_rooms, lair_entry_dummy

Skill      XL: |  1  2  3  4  5  6  7  8  9 |
---------------+----------------------------+-----
Maces & Flails | 5 6 8 |  8.5
Fighting       | 4 5 7 |  7.5
Spellcasting   | 3 5 6 |  6.0
Fire Magic     | 5 6 7 |  7.8

Action                     |  1- 3 |  4- 6 |  7- 9 | 10-12 || total
---------------------------+-------+-------+-------+-------++-------
  Melee: Mace              |    59 |    47 |       |       ||   106
         Punch             |     1 |       |       |       ||     1
         Staff             |       |     9 |    34 |       ||    43
         Flail             |       |       |    17 |       ||    17
   Cast: Scorch            |     4 |    63 |   148 |    24 ||   239
 Invoke: Fiery Armour      |       |       |       |     1 ||     1
Ability: Spit Poison       |    20 |    25 |    22 |     3 ||    70
  Evoke: Wand              |       |       |     3 |       ||     3
    Use: Scroll            |       |       |     1 |       ||     1
 Armour: Robe              |    12 |    25 |    24 |       ||    61
         Acid dragon scale |       |       |     4 |       ||     4
         Leather armour    |       |       |     1 |    17 ||    18
  Dodge: Dodged            |    49 |    52 |    83 |    14 ||   198

Table legend: (Time is in decaauts)
 A = Elapsed time spent in this place.
 B = Non-inter-level travel time spent in this place.
 C = Inter-level travel time spent in this place.
 D = Time resting spent in this place.
 E = Time spent auto-exploring this place.
 F = Levels seen in this place.
 G = Mean time per level.
                   A        B        C        D        E       F      G
               +--------+--------+--------+--------+--------+-----+--------+
         Total |  13739 |  13143 |    596 |    222 |  11566 |  10 | 1373.9 |
       Dungeon |  13739 |  13143 |    596 |    222 |  11566 |  10 | 1373.9 |
               +--------+--------+--------+--------+--------+-----+--------+

Top non-repeatable levels by time:
     D:9: 2127 daAuts
     D:4: 1825 daAuts
     D:8: 1791 daAuts
     D:5: 1599 daAuts
     D:2: 1499 daAuts
     D:3: 1441 daAuts
     D:6: 1244 daAuts
     D:7: 1188 daAuts
     D:1: 960 daAuts
    D:10: 62 daAuts
